AoeStats
← 3119395234

Arena

511018029Analyzed
4v4 RM · 9h ago on Oct 3, 2026· 73m 25s· 8 players
Game mode
Random Map
Map size
Large (8 player)
Population
200
Speed
Normal
Resources
Standard
Victory
Conquest
Starting age
Dark Age
Ending age
Imperial Age
RankedLock teamsTeams togetherTeam positionsShared explorationLock speedFull tech treeHidden civsTurbo modeCheats
Victory
Defeat
🇨🇳 Khmer · China
616
+11
🇭🇰 Varangians · Hong Kong SAR China
558
+13
🇨🇳 Teutons · China
497
+16
🇨🇳 Mongols · China
477
+18
🇫🇷 Britons · France
531
-15
🇹🇷 Portuguese · Türkiye
510
-15
🇦🇺 Mongols · Australia
507
-15
🇦🇺 Huns · Australia
459
-13
今天是魔王
0:50 Loom
11:38 Feudal Age
13:20 Wheelbarrow
14:06 Gold Mining
14:29 Stone Mining
16:10 Horse Collar
19:20 Fletching
24:35 Castle Age
24:52 Double-Bit Axe
27:50 Stone Shaft Mining
30:04 Squires
30:16 Bodkin Arrow
31:08 Bow Saw
31:43 Heavy Plow
37:10 Arson
40:14 Imperial Age
38:00 Hand Cart
38:50 Forging
38:41 Scale Mail Armor
38:42 Padded Archer Armor
43:42 Conscription
43:41 Caravan
44:04 Town Watch
44:37 Elite Varangian Guard
46:31 Bracer
47:07 Iron Casting
46:48 Chain Mail Armor
46:55 Town Patrol
48:09 Crop Rotation
48:44 Two-Man Saw
48:47 Treadmill Crane
49:29 Ballistics
49:05 Murder Holes
49:18 Siege Engineers
49:24 Masonry
50:00 Gothikon
55:44 Architecture
56:16 Chemistry
55:27 Fortified Wall
56:24 Blast Furnace
55:55 Plate Mail Armor
55:41 Leather Archer Armor
55:35 Scale Barding Armor
羊驼驼咩
11:28 Feudal Age
12:45 Wheelbarrow
11:57 Horse Collar
13:50 Double-Bit Axe
26:02 Castle Age
24:23 Gold Mining
24:46 Stone Mining
27:02 Hand Cart
27:27 Gold Shaft Mining
26:53 Heavy Plow
27:05 Bow Saw
31:21 Stone Shaft Mining
34:05 Imperial Age
33:05 Caravan
33:08 Fletching
36:42 Crop Rotation
36:09 Loom
36:13 Town Watch
37:19 Padded Archer Armor
37:14 Bodkin Arrow
37:25 Scale Barding Armor
37:21 Scale Mail Armor
37:31 Forging
37:30 Town Patrol
38:23 Tusk Swords
38:45 Conscription
38:47 Leather Archer Armor
40:11 Bracer
42:19 Chemistry
41:39 Ballistics
41:30 Masonry
41:24 Elite Ballista Elephant
43:00 Double Crossbow
43:18 Siege Engineers
43:59 Fortified Wall
45:08 Ring Archer Armor
44:34 Heavy Scorpion
46:47 Architecture
46:14 Murder Holes
47:59 Hoardings
50:22 Iron Casting
50:02 Chain Mail Armor
50:08 Chain Barding Armor
49:40 Heated Shot
49:40 Guard Tower
71:07 Blast Furnace
70:43 Plate Barding Armor
70:47 Keep
Make America Great
11:02 Feudal Age
12:03 Double-Bit Axe
15:02 Castle Age
13:20 Horse Collar
16:48 Bow Saw
17:18 Heavy Plow
22:04 Loom
22:54 Wheelbarrow
22:05 Town Watch
23:14 Gold Mining
23:14 Stone Mining
24:57 Hand Cart
24:42 Town Patrol
28:40 Imperial Age
29:12 Fletching
29:22 Padded Archer Armor
29:52 Ballistics
30:32 Chemistry
29:29 Murder Holes
29:45 Masonry
29:41 Siege Engineers
30:09 Thumb Ring
30:29 Parthian Tactics
30:04 Bodkin Arrow
31:19 Bracer
31:34 Leather Archer Armor
31:31 Bloodlines
31:21 Husbandry
30:44 Capped Ram
32:06 Gold Shaft Mining
32:07 Stone Shaft Mining
32:26 Siege Ram
33:29 Conscription
34:27 Scale Barding Armor
34:32 Forging
34:41 Fortified Wall
34:13 Elite Mangudai
37:34 Drill
37:34 Caravan
45:59 Coinage
46:09 Coinage
51:53 Banking
66:03 Herbal Medicine
66:09 Devotion
69:40 Spies/Treason
3119395234
1:41 Loom
13:46 Feudal Age
15:05 Wheelbarrow
14:16 Town Watch
14:20 Double-Bit Axe
14:19 Horse Collar
16:31 Stone Mining
19:33 Gold Mining
27:52 Castle Age
28:51 Hand Cart
28:51 Bow Saw
29:25 Stone Shaft Mining
29:24 Coinage
36:12 Imperial Age
33:58 Pikeman
34:38 Squires
34:24 Arson
34:31 Gambesons
34:07 Man-at-Arms
35:17 Town Patrol
38:00 Chemistry
37:10 Heavy Plow
38:29 Crop Rotation
38:17 Fortified Wall
38:29 Ballistics
39:28 Conscription
48:20 Caravan
48:50 Banking
48:31 Guilds
50:40 Forging
54:10 Iron Casting
57:27 Blast Furnace
56:17 Fletching
56:28 Scale Mail Armor
57:59 Heavy Scorpion
58:41 Bodkin Arrow
59:47 Chain Mail Armor
60:32 Halberdier
61:12 Elite Teutonic Knight
61:43 Arrowslits
62:14 Clinker Construction
62:15 Careening
63:10 Plate Mail Armor
62:48 Scale Barding Armor
62:45 Padded Archer Armor
65:01 Chain Barding Armor
64:50 Long Swordsman
66:14 Carvel Hull
66:00 Siphons
65:43 Two-Handed Swordsman
71:29 Plate Barding Armor
71:10 Leather Archer Armor
70:22 Champion
70:26 Onager
70:27 Capped Ram
70:37 Cavalier
71:28 Bloodlines
72:10 Paladin
Sebgir
12:43 Feudal Age
13:14 Double-Bit Axe
14:21 Wheelbarrow
15:25 Horse Collar
18:01 Stone Mining
18:06 Gold Mining
22:08 Castle Age
21:44 Forging
21:41 Scale Barding Armor
23:04 Bow Saw
22:57 Heavy Plow
24:51 Iron Casting
25:59 Ballistics
25:21 Treadmill Crane
25:40 Murder Holes
27:35 Husbandry
27:37 Squires
29:22 Fletching
29:45 Masonry
31:07 Gold Shaft Mining
31:59 Hand Cart
31:54 Scale Mail Armor
34:25 Yeomen
37:36 Imperial Age
35:37 Town Watch
37:16 Bodkin Arrow
37:42 Chain Barding Armor
37:24 Padded Archer Armor
38:48 Town Patrol
akgun_demirtas_96
0:35 Loom
10:23 Feudal Age
10:50 Double-Bit Axe
10:47 Horse Collar
12:49 Wheelbarrow
12:09 Gold Mining
14:48 Stone Mining
21:29 Castle Age
22:36 Bow Saw
22:36 Heavy Plow
23:15 Stone Shaft Mining
26:25 Hand Cart
31:18 Circumnavigation
34:23 Imperial Age
36:48 Two-Man Saw
36:30 Crop Rotation
35:50 Town Watch
35:56 Sappers
37:48 Town Patrol
41:55 Arquebus
42:16 Conscription
41:17 Elite Organ Gun
45:09 Cavalier
45:10 Light Cavalry
46:00 Bloodlines
45:51 Husbandry
49:45 Scale Barding Armor
49:41 Scale Mail Armor
49:41 Padded Archer Armor
49:32 Fletching
49:52 Forging
56:25 Elite Skirmisher
56:26 Crossbowman
57:11 Thumb Ring
63:58 Arbalester
Caldi
12:44 Feudal Age
13:51 Horse Collar
17:48 Castle Age
21:08 Gold Mining
21:34 Heavy Plow
21:26 Double-Bit Axe
24:27 Wheelbarrow
28:39 Imperial Age
29:47 Drill
29:12 Capped Ram
32:08 Bow Saw
31:46 Siege Ram
36:16 Hand Cart
46:05 Nomads
46:16 Scale Barding Armor
46:22 Forging
45:41 Heavy Camel Rider
46:22 Husbandry
46:33 Bloodlines
48:07 Chain Barding Armor
48:23 Iron Casting
47:56 Scale Mail Armor
MarkyKenz
0:51 Loom
14:20 Feudal Age
15:04 Double-Bit Axe
15:14 Gold Mining
16:04 Wheelbarrow
17:25 Horse Collar
24:11 Castle Age
22:20 Stone Mining
23:47 Padded Archer Armor
23:38 Fletching
23:59 Forging
23:56 Scale Barding Armor
25:05 Bow Saw
25:24 Bloodlines
25:15 Husbandry
26:14 Hand Cart
26:54 Gold Shaft Mining
27:24 Leather Archer Armor
27:05 Bodkin Arrow
31:31 Marauders
32:02 Chain Barding Armor
32:18 Iron Casting
32:50 Fervor
33:22 Heavy Plow
36:30 Thumb Ring
37:31 Caravan
40:46 Imperial Age
43:50 Two-Man Saw
42:54 Bracer
43:32 Plate Barding Armor
43:58 Blast Furnace
47:14 Parthian Tactics
46:10 Heavy Cavalry Archer
54:02 Ballistics
54:44 Chemistry
53:42 Murder Holes
68:52 Pikeman
69:34 Squires
Connection lost

Rejoining the realm…

Still unreachable

The connection could not be restored.

Session expired

The server has moved on; the page needs a fresh start.